 Dungeon Sprint DCSS version bcrawl-1.15.1 (webtiles) character file.

Game seed: 7214365405138324109

132 Groucho the Skirmisher (level 5, -9/55 HPs)
             Began as a Naga Fighter on Oct 3, 2019.
             Was an Initiate of Cheibriados.
             Mangled by a sun demon (17 damage)
             ... summoned by a kobold demonologist
             ... in the Dungeon (Sprint IX: "|||||||||||||||||||||||||||||").
             The game lasted 00:02:03 (530 turns).

Groucho the Skirmisher (Naga Fighter)                Turns: 530, Time: 00:02:03

Health: -9/55      AC: 11    Str: 23    XL:     5   Next: 15%
Magic:  5/5        EV:  5    Int:  9    God:    Cheibriados [......]
Gold:   0          SH: 10    Dex: 12    Spells: 4/4 levels left

rFire    . . .     SeeInvis +   b - +1 broad axe (chop)
rCold    . . .     Gourm    .   c - +0 shield
rNeg     . . .     Faith    .   p - +0 plate armour
rPois    +         Spirit   .   n - +0 helmet
rElec    .         Reflect  .   (no cloak)
rCorr    .         Harm     .   o - +0 pair of gloves
MR       .....     NoTele   +   (no barding)
Stlth    ..........             (no amulet)
HPRegen  0.18/turn              a - +3 ring of strength
MPRegen  0.09/turn              q - +2 ring of evasion

@: very slow
A: large, see invisible, deformed body, poison resistance, slowness 2, slow
metabolism 1, spit poison 1, AC +1
a: Spit Poison, Bend Time, Renounce Religion


You were in the Dungeon.
You worshipped Cheibriados.
Cheibriados was noncommittal.
You were not hungry.

You visited 1 branch

Inventory:

Hand Weapons
 b - a +1 broad axe of chopping (weapon)
Armour
 c - a +0 shield (worn)
 n - a +0 helmet (worn)
 o - a +0 pair of gloves (worn)
 p - a +0 plate armour (worn)
Jewellery
 a - a +3 ring of strength (left hand)
 q - a +2 ring of evasion (right hand)
Wands
 m - a wand of acid (10)
Scrolls
 j - 3 scrolls of remove curse
 k - 2 scrolls of blinking
 l - 2 scrolls of amnesia
Potions
 d - a potion of might
 e - a potion of invisibility
 g - 3 potions of heal wounds
 h - 4 potions of curing
 i - 4 potions of magic
Comestibles
 f - a ration {!d}


   Skills:
 + Level 5.7 Fighting
 + Level 5.2 Axes
 + Level 4.7 Armour
 + Level 4.7 Shields
 + Level 0.0 Invocations


You had 4 spell levels left.
You didn't know any spells.
Your spell library was empty.

Dungeon Overview and Level Annotations

Branches:
Dungeon (1/1)

Altars:
Cheibriados
Dithmenos
Elyvilon
Fedhas
Gozag
Hepliaklqana
Kikubaaqudgha
Lugonu
Makhleb
Nemelex Xobeh
Okawaru
Qazlal
Ru
Sif Muna
Trog
Uskayaw
Vehumet
Wu Jian
Xom
Yredelemnul
Zin
The Shining One
Beogh
Jiyva


Innate Abilities, Weirdness & Mutations

You cannot wear boots.
Your serpentine skin is tough. (AC +1)
You have supernaturally acute eyesight. (SInv)
Armour fits poorly on your strangely shaped body.
Your system is resistant to poisons. (rPois)
You cover ground very slowly.
You have a slow metabolism.
You can spit poison.


Message History

The shadow imp hits you but does no damage.
Your plate armour prevents you from hitting the kobold demonologist.
The kobold demonologist is severely wounded.
You hit the shadow imp.
You kill the shadow imp!
The kobold demonologist mumbles some strange words.
The kobold demonologist hits you but does no damage.
Your plate armour prevents you from hitting the kobold demonologist.
The kobold demonologist is severely wounded.
Your plate armour prevents you from hitting the sun demon.
The kobold demonologist hits you but does no damage.
You block the sun demon's attack.
The kobold demonologist hits you but does no damage.
You closely miss the kobold demonologist.
The kobold demonologist is severely wounded.
You slash the sun demon! The sun demon hits you!!
You are engulfed in flames!
* * * LOW HITPOINT WARNING * * *
The kobold demonologist hits you but does no damage.
The sun demon hits you!
You die...

▓.▓
▓|▓
▓)▓
▓.▓
▓.▓
▓[▓
▓.▓
▓3▓
▓@▓
▓K▓
▓Z▓
▓l▓
▓c▓
▓T▓
▓F▓
▓+▓


You could see a sun demon, a yaktaur, a kobold demonologist, a troll, a wyvern,
a bullfrog and a bat zombie.

Vanquished Creatures
  An ogre (D)
  An orc priest (D)
  An adder (D)
  A dart slug (D)
  2 bats (D)
  A giant cockroach (D)
  A hobgoblin (D)
  A quokka (D)
  A rat (D)
10 creatures vanquished.

Notes
Turn   | Place    | Note
-------+----------+-------------------------------------------
     0 | D        | Groucho the Naga Fighter began the quest for the Orb.
     0 | D        | Reached XP level 1. HP: 21/21 MP: 1/1
   409 | D        | Noticed an orc priest
   409 | D        | Noticed an ogre
   418 | D        | Reached XP level 2. HP: 11/30 MP: 2/2
   420 | D        | Reached XP level 3. HP: 14/37 MP: 3/3
   426 | D        | Killed an ogre
   426 | D        | Reached skill level 5 in Fighting
   426 | D        | Reached skill level 5 in Axes
   426 | D        | Reached XP level 4. HP: 13/48 MP: 4/4
   426 | D        | Reached XP level 5. HP: 15/55 MP: 5/5
   437 | D        | Found a roughly hewn altar of Beogh.
   437 | D        | Found a snail-covered altar of Cheibriados.
   437 | D        | Found a shadowy altar of Dithmenos.
   437 | D        | Found a white marble altar of Elyvilon.
   437 | D        | Found a blossoming altar of Fedhas.
   437 | D        | Found an opulent altar of Gozag.
   438 | D        | Found a hazy altar of Hepliaklqana.
   439 | D        | Found a viscous altar of Jiyva.
   440 | D        | Found an ancient bone altar of Kikubaaqudgha.
   441 | D        | Became a worshipper of Cheibriados the Contemplative
   442 | D        | Found a corrupted altar of Lugonu.
   443 | D        | Found a burning altar of Makhleb.
   444 | D        | Found a sparkling altar of Nemelex Xobeh.
   445 | D        | Found an iron altar of Okawaru.
   446 | D        | Found a stormy altar of Qazlal.
   447 | D        | Found a sacrificial altar of Ru.
   448 | D        | Found a shimmering blue altar of Sif Muna.
   449 | D        | Found a bloodstained altar of Trog.
   450 | D        | Found a hide-covered altar of Uskayaw.
   451 | D        | Found a radiant altar of Vehumet.
   452 | D        | Found an ornate altar of the Wu Jian Council.
   453 | D        | Found a shimmering altar of Xom.
   454 | D        | Found a basalt altar of Yredelemnul.
   455 | D        | Found a glowing silver altar of Zin.
   456 | D        | Found a glowing golden altar of the Shining One.
   515 | D        | Noticed a kobold demonologist
   515 | D        | Noticed a wyvern
   515 | D        | Noticed a yaktaur
   515 | D        | Noticed a troll
   515 | D        | Noticed a bullfrog
   529 | D        | Noticed a sun demon
   530 | D        | Mangled by a sun demon

Skill      XL: |  1  2  3 |
---------------+----------+-----
Axes           | 3 5 |  5.2
Armour         | 3 4 |  4.7
Shields        | 3 4 |  4.7
Fighting       | 4 5 |  5.7

Action                   |  1- 3 |  4- 6 || total
-------------------------+-------+-------++-------
Melee: War axe           |    51 |     1 ||    52
       Broad axe         |       |    14 ||    14
  Use: Potion            |     3 |       ||     3
Armor: Scale mail        |    25 |       ||    25
       Plate armour      |       |    11 ||    11
Dodge: Dodged            |    11 |     4 ||    15
Block: Shield            |    29 |    10 ||    39
